 Dungeon Crawl Stone Soup version 0.32-a0-909-gc671339a80 (webtiles) character file.

Game seed: 11524315513958222891

2748 Finalfun the Cleaver (level 9, -14/71 HPs)
             Began as a Mountain Dwarf Fighter on Apr 7, 2024.
             Was an Initiate of Gozag.
             Incinerated by a deep elf pyromancer (17 damage)
             ... with a pyre arrow
             ... on level 7 of the Dungeon.
             The game lasted 00:10:07 (7665 turns).

Finalfun the Cleaver (Mountain Dwarf Fighter)       Turns: 7665, Time: 00:10:09

Health: -14/71     AC:  8    Str: 21    XL:     9   Next: 41%
Magic:  12/12      EV:  8    Int: 11    God:    Gozag
Gold:   347        SH:  4    Dex:  9    Spells: 10/12 levels left

rFire   . . .        a - +0 war axe
rCold   . . .        c - +0 buckler
rNeg    . . .        b - +0 scale mail
rPois   .            (no helmet)
rElec   .            (no cloak)
rCorr   .            (no gloves)
SInv    .            q - +0 pair of boots
Will    .....        (no amulet) Stlth
                     v - ring of wizardry
HPRegen 0.31/turn    C - +4 ring of slaying
MPRegen 0.13/turn

%: wizardry (x1)
@: on fire, hasted, glowing, very quick
A: runic magic, artefact enchanting
a: Renounce Religion, Potion Petition, Call Merchant, Bribe Branch


You were on level 7 of the Dungeon.
You worshipped Gozag.
Gozag was aware of your devotion.
You visited 2 branches of the dungeon, and saw 8 of its levels.

You collected 639 gold pieces.
You paid 292 gold pieces to Gozag.

Inventory:

Hand Weapons
 a - a +0 war axe (weapon)
Missiles
 n - 2 throwing nets (quivered)
 o - 3 atropa-tipped darts
 B - a curare-tipped dart
Armour
 b - a +0 scale mail (worn)
 c - a +0 buckler (worn)
 q - a +0 pair of boots (worn)
Jewellery
 g - a ring of magical power
 v - a ring of wizardry (left hand)
 C - a +4 ring of slaying (right hand)
Wands
 e - a wand of warping (7)
Scrolls
 h - 7 scrolls of teleportation
 i - a scroll of immolation {unknown}
 j - a scroll of acquirement {unknown}
 k - a scroll of revelation {unknown}
 p - a scroll of enchant armour {unknown}
 t - 2 scrolls of fog {unknown}
 u - a scroll of noise {unknown}
 x - a scroll of vulnerability {unknown}
 y - 2 scrolls of blinking {unknown}
 z - a scroll of poison {unknown}
 A - 2 scrolls of fear {unknown}
Potions
 d - a potion of cancellation {unknown}
 f - a potion of brilliance
 l - a potion of mutation {unknown}
 m - a potion of enlightenment {unknown}
 r - a potion of ambrosia {unknown}
 s - a potion of might
 w - 4 potions of curing
 D - a potion of resistance {unknown}
 E - a potion of invisibility {unknown}


   Skills:
 - Level 4.0 Fighting
 * Level 13.9 Axes
 - Level 4.0 Armour
 - Level 4.0 Shields
 + Level 2.2 Spellcasting
 + Level 2.1 Translocations


You had 10 spell levels left.
You knew the following spells:

 Your Spells              Type           Power      Damage    Failure   Level
a - Blink                 Tloc           12%        N/A       12%         2

Your spell library contained the following spells:

 Spells                   Type           Power      Damage    Failure   Level
 Magic Dart               Conj           4%         1d3       17%         1
 Call Imp                 Summ           2%         N/A       26%         2
 Ensorcelled Hibernation  Hex/Ice        2%         N/A       26%         2
 Static Discharge         Conj/Air       2%         3-4/arc   26%         2
 Inner Flame              Hex/Fire       1%         N/A       45%         3
 Passwall                 Erth           1%         N/A       45%         3
 Swiftness                Air            1%         N/A       45%         3
 Airstrike                Air            0%         2d(1-17)  85%         4
 Summon Lightning Spire   Summ/Air       1%         N/A       85%         4
 Irradiate                Conj/Alch      0%         3d11      99%         5
 Ignition                 Fire           0%         3d3       100%        8


Dungeon Overview and Level Annotations

Branches:
Dungeon (7/15)             Temple (1/1) D:5

Altars:
Ashenzari
Dithmenos
Elyvilon
Fedhas
Gozag
Hepliaklqana
Kikubaaqudgha
Nemelex Xobeh
Okawaru
Qazlal
Ru
Sif Muna
Trog
Wu Jian
Yredelemnul
Zin

Shops:
D:4 [


Innate Abilities, Weirdness & Mutations

Your spellcasting is much less encumbered by armour.
You can use scrolls of enchantment on lesser artefacts.


Message History

The deep elf pyromancer is moderately wounded.
You slash the fire elemental! You block the fire elemental's attack.
The deep elf pyromancer gestures at you while chanting.
The pyre arrow hits you.
You are covered in intense liquid fire!
You barely miss the deep elf pyromancer.
The deep elf pyromancer is moderately wounded.
You slash the fire elemental! The liquid fire burns you!
The fire elemental completely misses you.
The deep elf pyromancer hits you with a +1 short sword of protection.
You barely miss the deep elf pyromancer.
The deep elf pyromancer is moderately wounded.
You completely miss the fire elemental. The liquid fire burns you!
The fire elemental hits you. The fire elemental burns you!
The deep elf pyromancer hits you but does no damage.
You closely miss the deep elf pyromancer.
The deep elf pyromancer is moderately wounded.
You slash the fire elemental!
You destroy the fire elemental!
The fire elemental disappears in a puff of smoke!
The liquid fire burns you!
The deep elf pyromancer casts a spell at you.
The bolt of fire hits you!!
* * * LOW HITPOINT WARNING * * *
[a] - 200 gold - haste [b] - 700 gold - haste, resistance and enlightenment [c] - 690 gold - heal wounds, magic and haste Purchase which effect?
You don't have enough gold for that! [a] - 200 gold - haste [b] - 700 gold - haste, resistance and enlightenment [c] - 690 gold - heal wounds, magic and haste Purchase which effect?
You no longer have enough gold to petition Gozag for potion effects.
You feel yourself speed up. The liquid fire burns you!
You die...
Your body crumbles into a pile of gold.

##...## #..........
#.....#####..........
#.....#....######....
#.....#....#....#....
#...##...)#....#....
########'###....#....#....
##...##..........#....#....
#.....#..........#....'....
#)....(..ß@......#.####....
#.....#..e§...#'##.#......#
##...##............#......#
########'####.....#......#
#...##'.....#......#
#.....##.....#......# #
#.....##'#####......# ##.
#.....##.#.....######
#...##...##..#.....#.....


You could see a deep elf pyromancer.

Vanquished Creatures
  A cyclops (D:7)
  3 water moccasins
  An orc warrior (D:7)
  An ice beast (D:6)
  A sky beast (D:5)
  4 ogres
  A centaur (D:6)
  A kobold brigand (D:6)
  3 bullfrogs (D:6)
  6 scorpions
  5 wights (D:7)
  2 hounds
  2 orc priests
  Terence (D:2)
  3 iguanas
  4 orc wizards
  4 adders
  2 white imps
  4 ufetubi (D:5)
  2 dart slugs
  18 orcs
  8 ball pythons
  5 bats
  7 endoplasms
  6 goblins
  A hobgoblin (D:3)
  9 jackals (D:1)
  13 kobolds
  3 quokkas
  3 frilled lizards
  9 rats
133 creatures vanquished.

Notes
Turn   | Place    | Note
-------+----------+-------------------------------------------
     0 | D:1      | Finalfun the Mountain Dwarf Fighter began the quest for the
                  | Orb.
     0 | D:1      | Reached XP level 1. HP: 19/19 MP: 1/1
    98 | D:1      | Reached XP level 2. HP: 18/26 MP: 2/2
   297 | D:1      | Found a faded altar of an unknown god.
   386 | D:1      | Reached skill level 3 in Axes
   389 | D:1      | Reached XP level 3. HP: 28/31 MP: 3/3
   690 | D:2      | Noticed Terence
   698 | D:2      | Killed Terence
   699 | D:2      | Reached XP level 4. HP: 31/40 MP: 4/4
   766 | D:2      | Found a broken altar of Ashenzari.
  1343 | D:3      | Reached skill level 4 in Axes
  1496 | D:3      | Reached XP level 5. HP: 18/46 MP: 5/5
  1839 | D:3      | Reached skill level 5 in Axes
  2195 | D:4      | Found Siegfried's Dragon-Slaying Spoils.
  2248 | D:4      | Reached skill level 6 in Axes
  2430 | D:4      | Reached XP level 6. HP: 18/52 MP: 6/6
  3046 | D:5      | Entered Level 5 of the Dungeon
  3055 | D:5      | Reached skill level 7 in Axes
  3135 | D:5      | Found a stormy altar of Qazlal.
  3325 | D:5      | Found a sparkling altar of Nemelex Xobeh.
  3325 | D:5      | Found a blossoming altar of Fedhas.
  3480 | D:5      | Found an iron altar of Okawaru.
  3487 | D:5      | Found a shimmering blue altar of Sif Muna.
  3604 | D:5      | Noticed a water moccasin
  3617 | D:5      | Reached skill level 8 in Axes
  3617 | D:5      | Reached XP level 7. HP: 52/59 MP: 7/7
  3629 | D:5      | Reached skill level 9 in Axes
  3874 | D:5      | You fall into a shaft and drop 1 floor!
  4211 | D:5      | Reached skill level 10 in Axes
  4703 | D:5      | Reached XP level 8. HP: 66/66 MP: 8/8
  4845 | D:5      | Found a staircase to the Ecumenical Temple.
  4967 | Temple   | Entered the Ecumenical Temple
  4990 | Temple   | Became a worshipper of Gozag Ym Sagoz the Greedy
  5084 | D:6      | Reached skill level 11 in Axes
  5807 | D:6      | Identified the staff of Exchange {Dex+3 Earth}
  5815 | D:6      | Reached skill level 12 in Axes
  6109 | D:6      | Reached skill level 13 in Axes
  6778 | D:7      | Learned a level 2 spell: Blink
  6829 | D:7      | Reached XP level 9. HP: 55/70 MP: 9/9
  7016 | D:7      | Reached skill level 1 in Spellcasting
  7121 | D:7      | Reached skill level 1 in Translocations
  7482 | D:7      | Noticed a cyclops
  7493 | D:7      | Killed a cyclops
  7652 | D:7      | Noticed a deep elf pyromancer
  7664 | D:7      | HP: 3/71 [deep elf pyromancer/bolt of fire (25)]
  7665 | D:7      | Incinerated by a deep elf pyromancer

Illustrated notes

Levels and vault maps discovered:
D:1:      denvon_arrival_waterhouse, layout_basic, ebering_ecumenical_altar_webs
D:2:      layout_rooms, basic_altar, uniq_terence
D:3:      layout_basic
D:4:      layout_loops_cross, nicolae_shop_dragon_depot
D:5:      layout_layer_cave, nicolae_qazlal_scattered_showers,
          nicolae_overflow_macrodata_refinement, temple_hall
D:6:      layout_loops_ring
D:7:      layout_gridville, minmay_misc_feat_enclosed, minmay_misc_feat_encased,
          minmay_three_doors
Temple:   chequers_temple_sunken

Skill      XL: |  1  2  3  4  5  6  7  8  9 |
---------------+----------------------------+-----
Axes           | 3 4 6 8 10 13 | 13.9
Shields        | 4 |  4.0
Armour         | 4 |  4.0
Fighting       | 4 |  4.0
Spellcasting   | 2 |  2.2
Translocations | 2 |  2.1

Action                     |  1- 3 |  4- 6 |  7- 9 || total
---------------------------+-------+-------+-------++-------
  Melee: War axe           |   105 |   153 |   243 ||   501
 Invoke: Potion Petition   |       |       |     1 ||     1
    Use: Potion            |       |     3 |     2 ||     5
         Scroll            |       |       |     5 ||     5
   Stab: Distracted        |       |       |     1 ||     1
 Armour: Scale mail        |    94 |   191 |   169 ||   454
  Dodge: Dodged            |    55 |    86 |    73 ||   214
  Block: Buckler           |    31 |    39 |    39 ||   109

Table legend: (Time is in decaauts)
 A = Elapsed time spent in this place.
 B = Non-inter-level travel time spent in this place.
 C = Inter-level travel time spent in this place.
 D = Time resting spent in this place.
 E = Time spent auto-exploring this place.
 F = Levels seen in this place.
 G = Mean time per level.
                   A        B        C        D        E       F      G
               +--------+--------+--------+--------+--------+-----+--------+
         Total |   7738 |   7314 |    424 |   1625 |   4600 |   8 |  967.2 |
       Dungeon |   7691 |   7311 |    380 |   1625 |   4600 |   7 | 1098.7 |
        Temple |     47 |      3 |     44 |      0 |      0 |   1 |   47.0 |
               +--------+--------+--------+--------+--------+-----+--------+

Top non-repeatable levels by time:
     D:5: 2203 daAuts
     D:6: 1250 daAuts
     D:7: 1119 daAuts
     D:3: 1033 daAuts
     D:4: 997 daAuts
     D:1: 662 daAuts
     D:2: 425 daAuts
  Temple: 47 daAuts
